Oilers vs Kings

Created - 23 novembre 2018 at 19:08

Goals
1 2 3 OT1 T
Oilers 1 1 0 1 3
Kings 1 1 0 0 2
Shots
1 2 3 OT1 T
Oilers 14 9 14 1 38
Kings 7 5 5 1 18

1st period

1. Oilers , Reilly Smith 7 (Ryan Getzlaf 13, Brent Burns 16) at 8:15
2. Kings , Nick Bjugstad 1 (Jesper Fast 4, John Moore 5) at 11:13

Penalties :
Austin Watson (LOS) for Hooking (Minor) at 11:57

2nd period

3. Kings , Jonathan Toews 8 (Evgeny Dadonov 11, Jacob Markstrom) at 6:36
4. Oilers , Andreas Athanasiou 4 (Aleksander Barkov 8, Michael Grabner 7) at 13:41

Penalties :
Ryan Johansen (EDM) for Hooking (Minor) at 3:04, Stephen Johns (LOS) for Roughing (Minor) at 8:32, Klas Dahlbeck (LOS) for High sticking (Minor) at 17:57

3rd period

No Goal

Penalties :
Jacob Markstrom (LOS) for Delaying the game (Minor) at 3:55 - Stephen Johns served the penalty., Anthony Cirelli (LOS) for Unsportsmanlike conduct (Minor) at 7:54, John Moore (LOS) for High sticking (Minor) at 13:04

Overtime #1

5. Oilers , Riley Nash 3 (Michael Matheson 12, Ryan Johansen 6) at 1:52

Penalties :
No Penalty

Goalie Stats

Antti Raanta (EDM), 16 saves from 18 shots - (0.889), W, 11-2-3, 61:53 minutes
Jacob Markstrom (LOS), 35 saves from 38 shots - (0.921), OTL, 3-4-1, 61:53 minutes

Players Stats for Oilers

Player Name              G  A  P  +/- PIM S  H  SB GA TA FO     MP     PP MP  PK MP  
------------------------------------------------------------------------------------
Aleksander Barkov        0  1  1   0  0   5  0  2  0  0  12/23  22:49   7:08   1:15 
Andreas Athanasiou       1  0  1   0  0   3  0  0  0  0  0/1    14:41   1:08   0:00 
Brad Marchand            0  0  0   0  0   4  1  0  0  0  0/1    23:07   7:08   0:00 
Brent Burns              0  1  1   1  0   1  1  3  0  0  0/0    23:59   5:52   0:59 
Dominic Moore            0  0  0   0  0   2  0  0  0  0  1/1     7:27   0:00   0:38 
Jack Johnson             0  0  0   0  0   0  2  0  0  0  0/0    16:37   0:43   1:00 
Justin Williams          0  0  0   0  0   1  0  0  0  0  0/2     6:49   0:00   0:00 
Luca Sbisa               0  0  0   0  0   0  3  0  0  0  0/0    15:37   0:43   0:00 
Marc Methot              0  0  0  -1  0   1  3  1  0  0  0/0    21:17   5:19   1:00 
Marc-Edouard Vlasic      0  0  0   1  0   1  0  1  0  0  0/0    22:53   5:52   0:00 
Matthew Nieto            0  0  0   0  0   3  0  0  0  0  0/2    10:39   0:00   0:00 
Michael Grabner          0  1  1   0  0   4  2  0  0  0  1/3    19:03   4:46   0:44 
Michael Matheson         0  1  1   0  0   1  1  1  0  0  0/0    21:30   5:19   0:59 
Pavel Buchnevich         0  0  0   0  0   1  1  0  0  0  0/1    11:25   0:00   0:00 
Reilly Smith             1  0  1   0  0   4  0  0  0  0  0/1    19:27   4:21   0:00 
Riley Nash               1  0  1   1  0   5  1  0  0  0  3/6     8:24   0:00   1:21 
Ryan Getzlaf             0  1  1   0  0   0  3  0  0  0  15/26  23:00   7:08   0:00 
Ryan Johansen            0  1  1   1  2   2  1  0  0  0  11/20  14:55   4:03   0:00 

Players Stats for Kings

Player Name              G  A  P  +/- PIM S  H  SB GA TA FO     MP     PP MP  PK MP  
------------------------------------------------------------------------------------
Anthony Cirelli          0  0  0   0  2   0  2  1  0  0  3/4    18:58   0:38   3:35 
Austin Watson            0  0  0   0  2   1  2  0  0  0  0/0    15:03   0:00   3:57 
Dan Hamhuis              0  0  0  -1  0   2  0  2  0  0  0/0    25:11   0:00   6:05 
Daniel Sedin             0  0  0   0  0   2  0  0  0  0  1/1    15:16   1:21   0:00 
Erik Johnson             0  0  0   0  0   0  4  0  0  0  0/0    23:37   0:38   5:53 
Evgeny Dadonov           0  1  1   1  0   2  0  0  0  0  0/0    15:23   0:38   1:21 
Jesper Fast              0  1  1  -2  0   0  1  0  0  0  0/2    17:31   1:21   6:36 
Joe Pavelski             0  0  0   1  0   1  0  0  0  0  1/1    16:28   0:38   1:41 
John Moore               0  1  1   2  2   1  4  2  0  0  0/0    21:11   0:00   4:48 
Jonathan Toews           1  0  1   1  0   1  1  0  0  0  10/18  14:02   0:38   0:00 
Klas Dahlbeck            0  0  0  -2  2   0  1  1  0  0  0/0    14:37   0:00   1:16 
Mark Jankowski           0  0  0   0  0   1  0  0  0  0  9/18   15:16   1:21   0:00 
Matt Hunwick             0  0  0   2  0   0  1  0  0  0  0/0    20:33   0:00   5:46 
Nick Bjugstad            1  0  1  -2  0   3  0  0  0  0  7/14    9:34   0:00   0:00 
Patrik Berglund          0  0  0  -1  0   2  0  0  0  0  3/12   16:25   1:21   6:38 
Stephen Johns            0  0  0  -2  2   0  2  0  0  0  0/0    13:21   0:00   0:00 
Victor Rask              0  0  0   0  0   1  0  0  0  0  10/17  10:52   1:21   0:00 
Zemgus Girgensons        0  0  0   0  0   1  0  0  0  0  0/0    10:22   0:00   0:00 

3 Stars

1 - Riley Nash (EDM)
2 - Jonathan Toews (LOS)
3 - Brent Burns (EDM)

Power Play

Oilers - 0 on 6 Attempt(s) - 0.00%
Kings - 0 on 1 Attempt(s) - 0.00%

Penalty Kill

Oilers - 1 on 1 Attempt(s) - 100.00% - Score 0 goal in Penalty Kill
Kings - 6 on 6 Attempt(s) - 100.00% - Score 0 goal in Penalty Kill

Team Stat

Oilers - Hits : 19 - Faceoff Wins : 43 - Blocked Shots : 8 - Penalty Minutes : 2
Kings - Hits : 18 - Faceoff Wins : 44 - Blocked Shots : 6 - Penalty Minutes : 12

Official

Referees : Brad Watson and Mike Hasenfratz
Linesman : Shane Heyer and Brad Kovachik

Game Notes

No Game Note

Finance

Level 1 -- Attendance: 5573 (85.74%) -- Ticket Income 585 165 $
Level 2 -- Attendance: 3232 (64.64%) -- Ticket Income 307 040 $
Level 3 -- Attendance: 2450 (70.00%) -- Ticket Income 183 750 $
Level 4 -- Attendance: 1662 (78.47%) -- Ticket Income 99 720 $
Luxury Box -- Attendance: 687 (68.70%) -- Ticket Income 192 360 $
Game was played at the Staples Center.
Total Attendance: 13604 (75.09%)
Total Ticket Income: 1 368 035 $
Other Income: 670 337 $
Total Income: 2 038 372 $

% Time on Ice - Oilers

Lines # - Real PCT - Wanted PCT - Time Play
Normal Forward
1 - 33% - 36% - 15:06
2 - 29% - 34% - 13:33
3 - 23% - 20% - 10:39
4 - 15% - 10% - 6:49
Normal Defense
1 - 35% - 40% - 16:15
2 - 32% - 35% - 14:58
3 - 32% - 25% - 14:54
4 - 0% - 0% - 0:00
PP Forward
1 - 60% - 54% - 7:08
2 - 40% - 46% - 4:46
PP Defense
1 - 55% - 60% - 6:35
2 - 45% - 40% - 5:19
PK Forward
1 - 68% - 50% - 1:21
2 - 32% - 50% - 0:38
PK Defense
1 - 50% - 50% - 0:59
2 - 50% - 50% - 1:00
PK3 Forward
1 - 0% - 60%
2 - 0% - 40%
PK3 Defense
1 - 0% - 50%
2 - 0% - 50%
44 Forward
1 - 0% - 50%
2 - 0% - 50%
44 Defense
1 - 0% - 60%
2 - 0% - 40%
Last Minute Offensive  - 0:00
Last Minute Defensive  - 0:00
Total
Forward - 60:00
Defense - 60:00

% Time on Ice - Kings

Lines # - Real PCT - Wanted PCT - Time Play
Normal Forward
1 - 29% - 30% - 13:24
2 - 30% - 30% - 13:55
3 - 18% - 20% - 8:26
4 - 22% - 20% - 10:22
Normal Defense
1 - 35% - 40% - 16:21
2 - 32% - 30% - 14:47
3 - 29% - 20% - 13:22
4 - 4% - 10% - 1:37
PP Forward
1 - 32% - 60% - 0:38
2 - 68% - 40% - 1:21
PP Defense
1 - 32% - 60% - 0:38
2 - 68% - 40% - 1:21
PK Forward
1 - 68% - 60% - 8:08
2 - 32% - 40% - 3:46
PK Defense
1 - 51% - 60% - 6:07
2 - 49% - 40% - 5:47
PK3 Forward
1 - 0% - 60%
2 - 0% - 40%
PK3 Defense
1 - 0% - 60%
2 - 0% - 40%
44 Forward
1 - 0% - 60%
2 - 0% - 40%
44 Defense
1 - 0% - 60%
2 - 0% - 40%
Last Minute Offensive  - 0:00
Last Minute Defensive  - 0:00
Total
Forward - 60:00
Defense - 60:00

Play-by-Play

1st period


0:01 of 1st period - Ryan Getzlaf wins face-off versus Jonathan Toews in neutral zone.
0:38 of 1st period - Shot by Evgeny Dadonov.
0:38 of 1st period - Shot Misses the Net.
1:00 of 1st period - Shot by John Moore.
1:00 of 1st period - Stopped by Antti Raanta without a rebound.
1:01 of 1st period - Aleksander Barkov wins face-off versus Nick Bjugstad in Oilers zone.
1:01 of 1st period - Aleksander Barkov is hit by Jesper Fast.
1:08 of 1st period - Shot by Michael Grabner.
1:08 of 1st period - Shot Blocked by Klas Dahlbeck.
1:10 of 1st period - Shot by Marc Methot.
1:10 of 1st period - Stopped by Jacob Markstrom without a rebound.
1:11 of 1st period - Ryan Johansen wins face-off versus Victor Rask in Kings zone.
1:27 of 1st period - Zemgus Girgensons is hit by Luca Sbisa and loses puck.
1:31 of 1st period - Austin Watson is hit by Luca Sbisa and loses puck.
1:42 of 1st period - Shot by Victor Rask.
1:42 of 1st period - Stopped by Antti Raanta without a rebound.
1:43 of 1st period - Aleksander Barkov wins face-off versus Mark Jankowski in Oilers zone.
1:47 of 1st period - Icing by Andreas Athanasiou.
1:48 of 1st period - Daniel Sedin wins face-off versus Aleksander Barkov in Oilers zone.
1:53 of 1st period - Shot by Daniel Sedin.
1:53 of 1st period - Shot Misses the Net.
1:56 of 1st period - Icing by Marc Methot.
1:57 of 1st period - Nick Bjugstad wins face-off versus Michael Grabner in Oilers zone.
2:26 of 1st period - Nick Bjugstad is hit by Marc Methot and loses puck.
2:32 of 1st period - Nick Bjugstad is hit by Marc Methot and loses puck.
2:35 of 1st period - Shot by Jesper Fast.
2:35 of 1st period - Shot Blocked by Marc Methot.
3:53 of 1st period - Reilly Smith is hit by Erik Johnson and loses puck.
4:07 of 1st period - Brad Marchand is hit by Erik Johnson and loses puck.
4:48 of 1st period - Shot by Ryan Johansen.
4:48 of 1st period - Stopped by Jacob Markstrom without a rebound.
4:49 of 1st period - Nick Bjugstad wins face-off versus Aleksander Barkov in Kings zone.
4:49 of 1st period - Patrik Berglund is hit by Michael Grabner and loses puck.
4:57 of 1st period - Matt Hunwick is hit by Jack Johnson and loses puck.
5:14 of 1st period - Shot by Patrik Berglund.
5:14 of 1st period - Shot Misses the Net.
5:16 of 1st period - Shot by Patrik Berglund.
5:16 of 1st period - Stopped by Antti Raanta without a rebound.
5:17 of 1st period - Victor Rask wins face-off versus Riley Nash in Oilers zone.
5:20 of 1st period - Shot by Zemgus Girgensons.
5:20 of 1st period - Stopped by Antti Raanta without a rebound.
5:21 of 1st period - Ryan Getzlaf wins face-off versus Victor Rask in Oilers zone.
5:21 of 1st period - Ryan Getzlaf is hit by Austin Watson.
5:24 of 1st period - Icing by Brent Burns.
5:25 of 1st period - Ryan Getzlaf wins face-off versus Victor Rask in Oilers zone.
5:40 of 1st period - Klas Dahlbeck is hit by Brad Marchand and loses puck.
6:05 of 1st period - Shot by Brad Marchand.
6:05 of 1st period - Stopped by Jacob Markstrom without a rebound.
6:06 of 1st period - Aleksander Barkov wins face-off versus Jonathan Toews in Kings zone.
6:09 of 1st period - Shot by Michael Grabner.
6:09 of 1st period - Deflect By Aleksander Barkov.
6:09 of 1st period - Stopped by Jacob Markstrom without a rebound.
6:10 of 1st period - Aleksander Barkov wins face-off versus Mark Jankowski in Kings zone.
6:11 of 1st period - Shot by Michael Grabner.
6:11 of 1st period - Shot Misses the Net.
6:13 of 1st period - Shot by Aleksander Barkov.
6:13 of 1st period - Shot Misses the Net.
6:19 of 1st period - Shot by Michael Grabner.
6:19 of 1st period - Stopped by Jacob Markstrom without a rebound.
6:20 of 1st period - Jonathan Toews wins face-off versus Ryan Johansen in Kings zone.
7:51 of 1st period - Shot by Daniel Sedin.
7:51 of 1st period - Deflect By Mark Jankowski.
7:51 of 1st period - Stopped by Antti Raanta without a rebound.
7:52 of 1st period - Nick Bjugstad wins face-off versus Ryan Getzlaf in Oilers zone.
7:52 of 1st period - Patrik Berglund is hit by Brent Burns and loses puck.
8:15 of 1st period - Shot by Reilly Smith.
8:15 of 1st period - Goal by Reilly Smith - Oilers : 1 - Kings : 0.
8:16 of 1st period - Mark Jankowski wins face-off versus Riley Nash in neutral zone.
9:08 of 1st period - Shot by Brad Marchand.
9:08 of 1st period - Stopped by Jacob Markstrom without a rebound.
9:09 of 1st period - Victor Rask wins face-off versus Aleksander Barkov in Kings zone.
9:42 of 1st period - Shot by Aleksander Barkov.
9:42 of 1st period - Shot Misses the Net.
11:13 of 1st period - Shot by Nick Bjugstad.
11:13 of 1st period - Goal by Nick Bjugstad - Oilers : 1 - Kings : 1.
11:14 of 1st period - Mark Jankowski wins face-off versus Ryan Johansen in neutral zone.
11:49 of 1st period - Shot by Ryan Johansen.
11:49 of 1st period - Stopped by Jacob Markstrom without a rebound.
11:50 of 1st period - Victor Rask wins face-off versus Aleksander Barkov in Kings zone.
11:57 of 1st period - Minor Penalty to Austin Watson for Hooking.
11:58 of 1st period - Ryan Getzlaf wins face-off versus Patrik Berglund in Kings zone.
13:12 of 1st period - Off-side.
13:13 of 1st period - Ryan Johansen wins face-off versus Anthony Cirelli in neutral zone.
13:34 of 1st period - Shot by Brent Burns.
13:34 of 1st period - Stopped by Jacob Markstrom without a rebound.
13:35 of 1st period - Ryan Getzlaf wins face-off versus Patrik Berglund in Kings zone.
13:50 of 1st period - Shot by Aleksander Barkov.
13:50 of 1st period - Stopped by Jacob Markstrom without a rebound.
13:51 of 1st period - Ryan Johansen wins face-off versus Patrik Berglund in Kings zone.
13:56 of 1st period - Shot by Marc-Edouard Vlasic.
13:56 of 1st period - Stopped by Jacob Markstrom with a rebound.
13:58 of 1st period - Shot by Dominic Moore.
13:58 of 1st period - Stopped by Jacob Markstrom with a rebound.
14:08 of 1st period - Shot by Riley Nash.
14:08 of 1st period - Stopped by Jacob Markstrom without a rebound.
14:09 of 1st period - Mark Jankowski wins face-off versus Ryan Johansen in Kings zone.
14:43 of 1st period - Shot by Matthew Nieto.
14:43 of 1st period - Shot Blocked by John Moore.
15:25 of 1st period - Shot by Aleksander Barkov.
15:25 of 1st period - Shot Misses the Net.
15:40 of 1st period - Icing by Erik Johnson.
15:41 of 1st period - Jonathan Toews wins face-off versus Ryan Getzlaf in Kings zone.
16:08 of 1st period - Ryan Getzlaf is hit by Erik Johnson and loses puck.
16:13 of 1st period - Shot by Reilly Smith.
16:13 of 1st period - Shot Misses the Net.
16:24 of 1st period - Icing by Erik Johnson.
16:25 of 1st period - Ryan Johansen wins face-off versus Jonathan Toews in Kings zone.
16:49 of 1st period - Icing by Michael Matheson.
16:50 of 1st period - Nick Bjugstad wins face-off versus Matthew Nieto in Oilers zone.
16:55 of 1st period - Shot by Patrik Berglund.
16:55 of 1st period - Stopped by Antti Raanta without a rebound.
16:56 of 1st period - Aleksander Barkov wins face-off versus Nick Bjugstad in Oilers zone.
17:04 of 1st period - Aleksander Barkov is hit by John Moore and loses puck.
17:23 of 1st period - Shot by Michael Grabner.
17:23 of 1st period - Stopped by Jacob Markstrom without a rebound.
17:24 of 1st period - Victor Rask wins face-off versus Ryan Getzlaf in Kings zone.
17:24 of 1st period - Zemgus Girgensons is hit by Ryan Getzlaf and loses puck.
18:35 of 1st period - Dominic Moore is hit by Anthony Cirelli and loses puck.
19:44 of 1st period - Shot by Nick Bjugstad.
19:44 of 1st period - Shot Blocked by Aleksander Barkov.
19:46 of 1st period - Shot by Patrik Berglund.
19:46 of 1st period - Shot Misses the Net.
Goals for this period are 1 for Oilers vs 1 for Kings.
Shots for this period are 14 for Oilers vs 7 for Kings.

2nd period


0:01 of 2nd period - Mark Jankowski wins face-off versus Reilly Smith in neutral zone.
0:11 of 2nd period - Dan Hamhuis is hit by Ryan Getzlaf and loses puck.
0:35 of 2nd period - Icing by Dan Hamhuis.
0:36 of 2nd period - Anthony Cirelli wins face-off versus Andreas Athanasiou in Kings zone.
0:47 of 2nd period - Shot by Dan Hamhuis.
0:47 of 2nd period - Shot Misses the Net.
1:09 of 2nd period - Shot by Evgeny Dadonov.
1:09 of 2nd period - Stopped by Antti Raanta without a rebound.
1:10 of 2nd period - Victor Rask wins face-off versus Pavel Buchnevich in Oilers zone.
1:31 of 2nd period - Shot by Pavel Buchnevich.
1:31 of 2nd period - Deflect By Matthew Nieto.
1:31 of 2nd period - Stopped by Jacob Markstrom without a rebound.
1:32 of 2nd period - Nick Bjugstad wins face-off versus Ryan Getzlaf in Kings zone.
1:32 of 2nd period - Jesper Fast is hit by Ryan Getzlaf and loses puck.
1:40 of 2nd period - Stephen Johns is hit by Luca Sbisa and loses puck.
1:45 of 2nd period - Shot by Nick Bjugstad.
1:45 of 2nd period - Shot Misses the Net.
2:10 of 2nd period - Shot by Nick Bjugstad.
2:10 of 2nd period - Stopped by Antti Raanta without a rebound.
2:11 of 2nd period - Jonathan Toews wins face-off versus Aleksander Barkov in Oilers zone.
2:17 of 2nd period - Andreas Athanasiou is hit by Jonathan Toews.
2:47 of 2nd period - Shot by Aleksander Barkov.
2:47 of 2nd period - Stopped by Jacob Markstrom with a rebound.
2:50 of 2nd period - Aleksander Barkov is hit by Matt Hunwick and loses puck.
3:04 of 2nd period - Minor Penalty to Ryan Johansen for Hooking.
3:05 of 2nd period - Victor Rask wins face-off versus Aleksander Barkov in Oilers zone.
3:08 of 2nd period - Shot by Mark Jankowski.
3:08 of 2nd period - Shot Hit the Post.
3:20 of 2nd period - Shot by Daniel Sedin.
3:20 of 2nd period - Stopped by Antti Raanta without a rebound.
3:21 of 2nd period - Riley Nash wins face-off versus Victor Rask in Oilers zone.
3:31 of 2nd period - Off-side.
3:32 of 2nd period - Dominic Moore wins face-off versus Jonathan Toews in neutral zone.
4:01 of 2nd period - Shot by Erik Johnson.
4:01 of 2nd period - Shot Misses the Net.
4:33 of 2nd period - Shot by Aleksander Barkov.
4:33 of 2nd period - Deflect By Riley Nash.
4:33 of 2nd period - Stopped by Jacob Markstrom without a rebound.
4:34 of 2nd period - Victor Rask wins face-off versus Aleksander Barkov in Kings zone.
4:58 of 2nd period - Shot by Mark Jankowski.
4:58 of 2nd period - Shot Misses the Net.
5:02 of 2nd period - Shot by Daniel Sedin.
5:02 of 2nd period - Shot Hit the Post.
5:59 of 2nd period - Icing by Reilly Smith.
6:00 of 2nd period - Ryan Getzlaf wins face-off versus Jonathan Toews in Oilers zone.
6:02 of 2nd period - Icing by Reilly Smith.
6:03 of 2nd period - Jonathan Toews wins face-off versus Ryan Getzlaf in Oilers zone.
6:36 of 2nd period - Shot by Jonathan Toews.
6:36 of 2nd period - Goal by Jonathan Toews - Oilers : 1 - Kings : 2.
6:37 of 2nd period - Ryan Johansen wins face-off versus Nick Bjugstad in neutral zone.
6:39 of 2nd period - Brent Burns is hit by Stephen Johns and loses puck.
6:48 of 2nd period - Shot by Pavel Buchnevich.
6:48 of 2nd period - Stopped by Jacob Markstrom without a rebound.
6:49 of 2nd period - Victor Rask wins face-off versus Aleksander Barkov in Kings zone.
6:59 of 2nd period - Off-side.
7:00 of 2nd period - Mark Jankowski wins face-off versus Ryan Johansen in neutral zone.
7:03 of 2nd period - Brent Burns is hit by Anthony Cirelli and loses puck.
7:33 of 2nd period - Shot by Daniel Sedin.
7:33 of 2nd period - Shot Misses the Net.
7:35 of 2nd period - Shot by Matt Hunwick.
7:35 of 2nd period - Shot Misses the Net.
8:05 of 2nd period - Shot by Patrik Berglund.
8:05 of 2nd period - Shot Misses the Net.
8:07 of 2nd period - Shot by Erik Johnson.
8:07 of 2nd period - Shot Blocked by Brent Burns.
8:09 of 2nd period - Shot by Dan Hamhuis.
8:09 of 2nd period - Stopped by Antti Raanta with a rebound.
8:21 of 2nd period - Shot by Jesper Fast.
8:21 of 2nd period - Shot Blocked by Marc-Edouard Vlasic.
8:23 of 2nd period - Shot by Erik Johnson.
8:23 of 2nd period - Shot Misses the Net.
8:32 of 2nd period - Minor Penalty to Stephen Johns for Roughing.
8:33 of 2nd period - Ryan Getzlaf wins face-off versus Patrik Berglund in Kings zone.
8:56 of 2nd period - Shot by Michael Matheson.
8:56 of 2nd period - Shot Blocked by Anthony Cirelli.
10:42 of 2nd period - Icing by Stephen Johns.
10:43 of 2nd period - Jonathan Toews wins face-off versus Justin Williams in Kings zone.
10:43 of 2nd period - Jonathan Toews is hit by Riley Nash.
11:39 of 2nd period - Icing by Luca Sbisa.
11:40 of 2nd period - Victor Rask wins face-off versus Justin Williams in Oilers zone.
12:17 of 2nd period - Shot by Andreas Athanasiou.
12:17 of 2nd period - Shot Misses the Net.
12:19 of 2nd period - Shot by Michael Grabner.
12:19 of 2nd period - Stopped by Jacob Markstrom without a rebound.
12:20 of 2nd period - Ryan Getzlaf wins face-off versus Nick Bjugstad in Kings zone.
12:25 of 2nd period - Shot by Reilly Smith.
12:25 of 2nd period - Shot Misses the Net.
12:27 of 2nd period - Shot by Reilly Smith.
12:27 of 2nd period - Stopped by Jacob Markstrom without a rebound.
12:28 of 2nd period - Ryan Getzlaf wins face-off versus Mark Jankowski in Kings zone.
12:34 of 2nd period - Ryan Getzlaf is hit by John Moore and loses puck.
12:51 of 2nd period - Shot by Matt Hunwick.
12:51 of 2nd period - Shot Blocked by Michael Matheson.
13:37 of 2nd period - Off-side.
13:38 of 2nd period - Michael Grabner wins face-off versus Nick Bjugstad in neutral zone.
13:41 of 2nd period - Shot by Andreas Athanasiou.
13:41 of 2nd period - Goal by Andreas Athanasiou - Oilers : 2 - Kings : 2.
13:42 of 2nd period - Aleksander Barkov wins face-off versus Jesper Fast in neutral zone.
14:45 of 2nd period - Dan Hamhuis is hit by Pavel Buchnevich and loses puck.
16:20 of 2nd period - Shot by Reilly Smith.
16:20 of 2nd period - Stopped by Jacob Markstrom without a rebound.
16:21 of 2nd period - Jonathan Toews wins face-off versus Ryan Getzlaf in Kings zone.
16:25 of 2nd period - Icing by Joe Pavelski.
16:26 of 2nd period - Aleksander Barkov wins face-off versus Jonathan Toews in Kings zone.
16:48 of 2nd period - Shot by Aleksander Barkov.
16:48 of 2nd period - Deflect By Michael Grabner.
16:48 of 2nd period - Stopped by Jacob Markstrom without a rebound.
16:49 of 2nd period - Ryan Getzlaf wins face-off versus Victor Rask in Kings zone.
17:07 of 2nd period - Brad Marchand is hit by Klas Dahlbeck and loses puck.
17:45 of 2nd period - Michael Grabner is hit by Stephen Johns and loses puck.
17:57 of 2nd period - Minor Penalty to Klas Dahlbeck for High sticking.
17:58 of 2nd period - Ryan Johansen wins face-off versus Patrik Berglund in Kings zone.
18:09 of 2nd period - Shot by Michael Grabner.
18:09 of 2nd period - Shot Misses the Net.
18:26 of 2nd period - Shot by Jesper Fast.
18:26 of 2nd period - Shot Blocked by Brent Burns.
18:28 of 2nd period - Shot by Jesper Fast.
18:28 of 2nd period - Shot Hit the Post.
18:32 of 2nd period - Shot by Patrik Berglund.
18:32 of 2nd period - Shot Misses the Net.
18:34 of 2nd period - Shot by Jesper Fast.
18:34 of 2nd period - Shot Misses the Net.
18:36 of 2nd period - Shot by Patrik Berglund.
18:36 of 2nd period - Deflect By Jesper Fast.
18:36 of 2nd period - Shot Misses the Net.
19:08 of 2nd period - Off-side.
19:09 of 2nd period - Patrik Berglund wins face-off versus Ryan Getzlaf in neutral zone.
Goals for this period are 1 for Oilers vs 1 for Kings.
Shots for this period are 9 for Oilers vs 5 for Kings.

3rd period


0:01 of 3rd period - Jonathan Toews wins face-off versus Aleksander Barkov in neutral zone.
0:27 of 3rd period - Shot by Joe Pavelski.
0:27 of 3rd period - Shot Misses the Net.
0:29 of 3rd period - Shot by Jonathan Toews.
0:29 of 3rd period - Shot Blocked by Aleksander Barkov.
0:31 of 3rd period - Shot by Dan Hamhuis.
0:31 of 3rd period - Shot Misses the Net.
0:33 of 3rd period - Shot by Dan Hamhuis.
0:33 of 3rd period - Shot Blocked by Brent Burns.
0:35 of 3rd period - Shot by Dan Hamhuis.
0:35 of 3rd period - Stopped by Antti Raanta without a rebound.
0:36 of 3rd period - Ryan Getzlaf wins face-off versus Mark Jankowski in Oilers zone.
0:41 of 3rd period - Shot by Ryan Getzlaf.
0:41 of 3rd period - Shot Misses the Net.
0:43 of 3rd period - Shot by Marc Methot.
0:43 of 3rd period - Shot Misses the Net.
0:45 of 3rd period - Shot by Ryan Getzlaf.
0:45 of 3rd period - Shot Blocked by John Moore.
0:50 of 3rd period - Icing by Mark Jankowski.
0:51 of 3rd period - Mark Jankowski wins face-off versus Ryan Johansen in Kings zone.
1:04 of 3rd period - Shot by Pavel Buchnevich.
1:04 of 3rd period - Shot Misses the Net.
1:06 of 3rd period - Shot by Matthew Nieto.
1:06 of 3rd period - Stopped by Jacob Markstrom without a rebound.
1:07 of 3rd period - Ryan Getzlaf wins face-off versus Jonathan Toews in Kings zone.
1:07 of 3rd period - Brad Marchand is hit by Erik Johnson and loses puck.
1:23 of 3rd period - Icing by Marc Methot.
1:24 of 3rd period - Nick Bjugstad wins face-off versus Ryan Getzlaf in Oilers zone.
1:53 of 3rd period - Shot by Nick Bjugstad.
1:53 of 3rd period - Stopped by Antti Raanta without a rebound.
1:54 of 3rd period - Aleksander Barkov wins face-off versus Jonathan Toews in Oilers zone.
2:35 of 3rd period - Shot by Aleksander Barkov.
2:35 of 3rd period - Stopped by Jacob Markstrom without a rebound.
2:36 of 3rd period - Ryan Johansen wins face-off versus Mark Jankowski in Kings zone.
2:36 of 3rd period - Luca Sbisa is hit by John Moore and loses puck.
2:42 of 3rd period - Jack Johnson is hit by John Moore and loses puck.
3:55 of 3rd period - Shot by Reilly Smith.
3:55 of 3rd period - Stopped by Jacob Markstrom without a rebound.
3:55 of 3rd period - Minor Penalty to Jacob Markstrom for Delaying the game.
3:56 of 3rd period - Ryan Getzlaf wins face-off versus Patrik Berglund in Kings zone.
4:13 of 3rd period - Shot by Aleksander Barkov.
4:13 of 3rd period - Shot Misses the Net.
4:28 of 3rd period - Off-side.
4:29 of 3rd period - Ryan Johansen wins face-off versus Patrik Berglund in neutral zone.
4:36 of 3rd period - Shot by Michael Matheson.
4:36 of 3rd period - Shot Misses the Net.
4:40 of 3rd period - Shot by Reilly Smith.
4:40 of 3rd period - Shot Blocked by Dan Hamhuis.
5:06 of 3rd period - Icing by Marc Methot.
5:07 of 3rd period - Patrik Berglund wins face-off versus Ryan Johansen in Oilers zone.
5:11 of 3rd period - Patrik Berglund is hit by Marc Methot and loses puck.
5:24 of 3rd period - Erik Johnson is hit by Michael Grabner.
5:31 of 3rd period - Icing by Ryan Johansen.
5:32 of 3rd period - Anthony Cirelli wins face-off versus Ryan Johansen in Oilers zone.
5:55 of 3rd period - Shot by Aleksander Barkov.
5:55 of 3rd period - Shot Misses the Net.
6:05 of 3rd period - Shot by Dominic Moore.
6:05 of 3rd period - Shot Misses the Net.
6:07 of 3rd period - Shot by Dominic Moore.
6:07 of 3rd period - Stopped by Jacob Markstrom with a rebound.
6:09 of 3rd period - Shot by Riley Nash.
6:09 of 3rd period - Stopped by Jacob Markstrom without a rebound.
6:10 of 3rd period - Riley Nash wins face-off versus Victor Rask in Kings zone.
6:21 of 3rd period - Shot by Riley Nash.
6:21 of 3rd period - Stopped by Jacob Markstrom without a rebound.
6:22 of 3rd period - Jonathan Toews wins face-off versus Ryan Getzlaf in Kings zone.
6:57 of 3rd period - Shot by Brad Marchand.
6:57 of 3rd period - Shot Misses the Net.
7:29 of 3rd period - Icing by Dan Hamhuis.
7:30 of 3rd period - Aleksander Barkov wins face-off versus Mark Jankowski in Kings zone.
7:33 of 3rd period - Shot by Michael Grabner.
7:33 of 3rd period - Deflect By Andreas Athanasiou.
7:33 of 3rd period - Shot Misses the Net.
7:50 of 3rd period - Daniel Sedin is hit by Michael Matheson and loses puck.
7:54 of 3rd period - Minor Penalty to Anthony Cirelli for Unsportsmanlike conduct.
7:55 of 3rd period - Ryan Getzlaf wins face-off versus Patrik Berglund in Kings zone.
8:22 of 3rd period - Shot by Aleksander Barkov.
8:22 of 3rd period - Stopped by Jacob Markstrom without a rebound.
8:23 of 3rd period - Patrik Berglund wins face-off versus Michael Grabner in Kings zone.
8:34 of 3rd period - Austin Watson is hit by Ryan Johansen and loses puck.
8:50 of 3rd period - Shot by Marc-Edouard Vlasic.
8:50 of 3rd period - Shot Blocked by Dan Hamhuis.
9:04 of 3rd period - Marc Methot is hit by Austin Watson and loses puck.
10:06 of 3rd period - Shot by Daniel Sedin.
10:06 of 3rd period - Stopped by Antti Raanta without a rebound.
10:07 of 3rd period - Riley Nash wins face-off versus Mark Jankowski in Oilers zone.
10:20 of 3rd period - Shot by Justin Williams.
10:20 of 3rd period - Stopped by Jacob Markstrom without a rebound.
10:21 of 3rd period - Ryan Johansen wins face-off versus Nick Bjugstad in Kings zone.
10:49 of 3rd period - Icing by Matt Hunwick.
10:50 of 3rd period - Aleksander Barkov wins face-off versus Jesper Fast in Kings zone.
11:03 of 3rd period - Off-side.
11:04 of 3rd period - Jonathan Toews wins face-off versus Brad Marchand in neutral zone.
11:33 of 3rd period - Shot by Ryan Getzlaf.
11:33 of 3rd period - Shot Misses the Net.
11:35 of 3rd period - Shot by Michael Matheson.
11:35 of 3rd period - Shot Misses the Net.
11:37 of 3rd period - Shot by Brad Marchand.
11:37 of 3rd period - Shot Misses the Net.
11:39 of 3rd period - Shot by Reilly Smith.
11:39 of 3rd period - Shot Misses the Net.
11:41 of 3rd period - Shot by Michael Matheson.
11:41 of 3rd period - Stopped by Jacob Markstrom without a rebound.
11:42 of 3rd period - Aleksander Barkov wins face-off versus Mark Jankowski in Kings zone.
12:03 of 3rd period - Shot by Andreas Athanasiou.
12:03 of 3rd period - Stopped by Jacob Markstrom without a rebound.
12:04 of 3rd period - Victor Rask wins face-off versus Ryan Johansen in Kings zone.
12:19 of 3rd period - Shot by Austin Watson.
12:19 of 3rd period - Stopped by Antti Raanta without a rebound.
12:20 of 3rd period - Jonathan Toews wins face-off versus Aleksander Barkov in Oilers zone.
12:25 of 3rd period - Shot by Evgeny Dadonov.
12:25 of 3rd period - Stopped by Antti Raanta with a rebound.
12:47 of 3rd period - Shot by Andreas Athanasiou.
12:47 of 3rd period - Stopped by Jacob Markstrom without a rebound.
12:48 of 3rd period - Mark Jankowski wins face-off versus Ryan Getzlaf in Kings zone.
13:04 of 3rd period - Shot by Brad Marchand.
13:04 of 3rd period - Stopped by Jacob Markstrom without a rebound.
13:04 of 3rd period - Minor Penalty to John Moore for High sticking.
13:05 of 3rd period - Ryan Getzlaf wins face-off versus Patrik Berglund in Kings zone.
13:06 of 3rd period - Shot by Brad Marchand.
13:06 of 3rd period - Stopped by Jacob Markstrom with a rebound.
13:30 of 3rd period - Shot by Brent Burns.
13:30 of 3rd period - Shot Misses the Net.
13:40 of 3rd period - Shot by Brent Burns.
13:40 of 3rd period - Shot Misses the Net.
13:47 of 3rd period - Icing by Marc-Edouard Vlasic.
13:48 of 3rd period - Anthony Cirelli wins face-off versus Ryan Getzlaf in Oilers zone.
14:23 of 3rd period - Shot by Patrik Berglund.
14:23 of 3rd period - Shot Misses the Net.
14:25 of 3rd period - Shot by Jesper Fast.
14:25 of 3rd period - Shot Misses the Net.
15:19 of 3rd period - Icing by Michael Matheson.
15:20 of 3rd period - Ryan Johansen wins face-off versus Victor Rask in Oilers zone.
15:46 of 3rd period - Off-side.
15:47 of 3rd period - Mark Jankowski wins face-off versus Riley Nash in neutral zone.
16:02 of 3rd period - Shot by Daniel Sedin.
16:02 of 3rd period - Deflect By Mark Jankowski.
16:02 of 3rd period - Shot Misses the Net.
16:17 of 3rd period - Icing by Mark Jankowski.
16:18 of 3rd period - Mark Jankowski wins face-off versus Ryan Johansen in Kings zone.
18:41 of 3rd period - Shot by Brad Marchand.
18:41 of 3rd period - Shot Misses the Net.
18:43 of 3rd period - Shot by Brad Marchand.
18:43 of 3rd period - Deflect By Reilly Smith.
18:43 of 3rd period - Shot Misses the Net.
18:49 of 3rd period - Shot by Ryan Getzlaf.
18:49 of 3rd period - Shot Misses the Net.
19:17 of 3rd period - Shot by Matthew Nieto.
19:17 of 3rd period - Stopped by Jacob Markstrom without a rebound.
19:18 of 3rd period - Aleksander Barkov wins face-off versus Nick Bjugstad in Kings zone.
19:26 of 3rd period - Off-side.
19:27 of 3rd period - Ryan Johansen wins face-off versus Mark Jankowski in neutral zone.
19:44 of 3rd period - Icing by Luca Sbisa.
19:45 of 3rd period - Nick Bjugstad wins face-off versus Matthew Nieto in Oilers zone.
19:49 of 3rd period - Nick Bjugstad is hit by Jack Johnson and loses puck.
Goals for this period are 0 for Oilers vs 0 for Kings.
Shots for this period are 14 for Oilers vs 5 for Kings.

Overtime #1


0:01 of 1st overtime period - Joe Pavelski wins face-off versus Aleksander Barkov in neutral zone.
0:22 of 1st overtime period - Shot by Joe Pavelski.
0:22 of 1st overtime period - Stopped by Antti Raanta with a rebound.
1:18 of 1st overtime period - Shot by Nick Bjugstad.
1:18 of 1st overtime period - Shot Misses the Net.
1:52 of 1st overtime period - Shot by Riley Nash.
1:52 of 1st overtime period - Goal by Riley Nash - Oilers : 3 - Kings : 2.
Goals for this period are 1 for Oilers vs 0 for Kings.
Shots for this period are 1 for Oilers vs 1 for Kings.